 Seeded DCSS version 0.30.1-4-g462c640d31 (webtiles) character file.

Game seed: 6351066067085065685 (custom seed)

48 Esekla the Magician (level 3, 0/17 (19) HPs)
             Began as a Deep Elf Wanderer on Sept 10, 2023.
             Was a Follower of Vehumet.
             Slain by a gnoll
             ... wielding a +0 flail
              (8 damage)
             ... on level 1 of the Dungeon.
             The game lasted 00:13:38 (1610 turns).

Esekla the Magician (Deep Elf Wanderer)             Turns: 1610, Time: 00:13:39

HP:   0/17 (19)     AC:  4    Str: 11    XL:     3   Next: 50%
MP:   5/11          EV: 11    Int: 19    God:    Vehumet [*.....]
Gold: 166           SH:  4    Dex: 11    Spells: 1/12 levels left

rFire   . . .        a - +1 short sword (freeze)
rCold   . . .        d - +0 buckler
rNeg    . . .        c - +0 robe
rPois   .            l - +0 helmet
rElec   .            (no cloak)
rCorr   .            k - +0 pair of gloves
SInv    .            (no boots)
Will    .....        (no amulet)
Stlth   ++           (no ring)
HPRegen 0.22/turn    (no ring)
MPRegen 0.12/turn

%: no passive effects
@: very slightly contaminated, heavily drained
A: no striking features
a: Renounce Religion


You were on level 1 of the Dungeon.
You worshipped Vehumet.
Vehumet was aware of your devotion.
You visited 1 branch of the dungeon, and saw 4 of its levels.

You collected 166 gold pieces.

Inventory:

Hand Weapons
 a - a +1 short sword of freezing (weapon)
Armour
 c - a +0 robe (worn)
 d - a +0 buckler (worn)
 k - a +0 pair of gloves (worn)
 l - a +0 helmet (worn)
Wands
 p - a wand of roots (8)
Scrolls
 j - 3 scrolls of identify {unknown}
 n - a scroll of enchant armour {unknown}
 o - a scroll of amnesia {unknown}
 q - a scroll of blinking {unknown}
 s - a scroll of fog {unknown}
Potions
 b - a potion of lignification
 e - a potion of ambrosia {unknown}
 f - 2 potions of attraction {unknown}
 g - a potion of heal wounds {unknown}
 h - 2 potions of curing {unknown}
 i - a potion of haste {unknown}
 m - a potion of mutation {unknown}
 r - 2 potions of brilliance {unknown}


   Skills:
 + Level 0.5 Short Blades
 * Level 1.1 Dodging
 + Level 1.3 Stealth
 + Level 1.6 Shields
 * Level 5.3 Spellcasting
 + Level 0.6 Conjurations
 * Level 1.0 Necromancy
 + Level 2.5 Translocations
 + Level 1.0 Invocations


You had one spell level left.
You knew the following spells:

 Your Spells              Type           Power      Damage    Failure   Level
a - Magic Dart            Conj           28%        1d4       14%         1
b - Blink                 Tloc           28%        N/A       10%         2
d - Vampiric Draining     Necr           9%         2d6       34%         3
e - Shock                 Conj/Air       24%        1d4       16%         1
p - Apportation           Tloc           28%        N/A       6%          1
t - Teleport Other        Tloc           14%        N/A       19%         3

Your spell library contained the following spells:

 Spells                   Type           Power      Damage    Failure   Level
 Lesser Beckoning         Tloc           28%        N/A       10%         2
 Gell's Gravitas          Tloc           14%        N/A       19%         3
 Ignite Poison            Fire/Tmut/Pois 5%         N/A       47%         3


Dungeon Overview and Level Annotations

Branches:
Dungeon (4/15)
 Temple: D:4-7

Altars:
Okawaru
Vehumet
Zin

Shops:
D:2 =


Message History

Your Necromancy skill increases to level 1!
There is a large open door here.
There is a large open door here.
There is a large open door here.
There is a large open door here.
Done exploring.
(D) Dungeon
Where to? (? - help)
Things that are here:
a +0 short sword; 4 stones
There is a stone staircase leading down here.
You climb downwards.
There is a stone staircase leading up here.
The gnoll attacks as you move away! The gnoll hits you with a +0 flail.
There is a stone staircase leading up here.
You block the gnoll's attack.
You climb upwards.
There is a stone staircase leading down here.
You hit the gnoll but do no damage. The gnoll barely misses you.
You hit the gnoll. You freeze the gnoll.
The gnoll is moderately wounded.
The gnoll hits you with a +0 flail!
Casting: Magic Dart (safe; 14% risk of failure)
Confirm with . or Enter, or press ? or * to list all spells.
The spell is astonishingly dangerous to miscast (34% risk of failure)!
Continue anyway?
Aiming: Vampiric Draining (astonishingly dangerous; 34% risk of failure)
Press: ? - help, Shift-Dir - straight line, f - gnoll
Aim: a gnoll, wielding a +0 flail (moderately wounded)
You miscast Vampiric Draining.
You are very lightly contaminated with residual magic.
Nothing appears to happen.
The gnoll barely misses you.
Casting: Vampiric Draining (astonishingly dangerous; 34% risk of failure)
Confirm with . or Enter, or press ? or * to list all spells.
The spell is astonishingly dangerous to miscast (34% risk of failure)!
Continue anyway?
Aiming: Vampiric Draining (astonishingly dangerous; 34% risk of failure)
Press: ? - help, Shift-Dir - straight line, f/p - gnoll
Aim: a gnoll, wielding a +0 flail (moderately wounded)
You draw life force from the gnoll.
You feel life coursing into your body. The gnoll hits you with a +0 flail!
You die...

.................## #.....##...#
...........###....## ###'######..
...........###.....###≈≈~≈≈#####.
................(.÷÷.#≈~≈~≈#.....
..........####...#####~≈~≈~#.....
#...>#...## ##..# #≈~≈~≈#.....
####.##### #..# ####+###.#### #.#
#.g# #..÷.....# # #.#
#.@####......### # #.#
#..#.....##..######
####.##########.......)#.........
.........................#.######
######...........#.###......##
.........#####...÷...#.#.....####
.........#######.......#.......#.
.....#............##...#....##...
.....#...############.[.....####.


You could see a gnoll.

Vanquished Creatures
  An adder (D:2)
  A dart slug (D:1)
  5 ball pythons (D:1)
  4 endoplasms
  7 goblins
  2 hobgoblins
  A quokka (D:1)
  4 bats
  4 frilled lizards
  5 kobolds
34 creatures vanquished.

Notes
Turn   | Place    | Note
-------+----------+-------------------------------------------
     0 | D:1      | Esekla the Deep Elf Wanderer began the quest for the Orb.
     0 | D:1      | Esekla set off with the following items: a +0 club, a
                  | potion of lignification, a +0 robe, a +0 buckler; and the
                  | following spells available to memorise: Apportation, Blink,
                  | Lesser Beckoning, Magic Dart, Ignite Poison, Vampiric
                  | Draining.
     0 | D:1      | Reached XP level 1. HP: 10/10 MP: 7/7
     2 | D:1      | Learned a level 1 spell: Magic Dart
     4 | D:1      | Learned a level 1 spell: Apportation
   507 | D:4      | Found a radiant altar of Vehumet.
   518 | D:4      | Found an iron altar of Okawaru.
   529 | D:4      | Found a glowing silver altar of Zin.
   606 | D:4      | Became a worshipper of Vehumet
   832 | D:3      | Reached XP level 2. HP: 15/15 MP: 4/9
   950 | D:2      | Found Renulab's Jewellery Shop.
  1044 | D:2      | Reached skill level 5 in Spellcasting
  1093 | D:1      | Reached skill level 1 in Dodging
  1108 | D:1      | Reached * piety under Vehumet
  1108 | D:1      | Offered knowledge of Shock by Vehumet.
  1109 | D:1      | Reached XP level 3. HP: 7/19 MP: 8/11
  1111 | D:1      | Learned a level 1 spell: Shock
  1114 | D:1      | Learned a level 2 spell: Blink
  1124 | D:1      | Learned a level 3 spell: Vampiric Draining
  1282 | D:1      | Learned a level 3 spell: Teleport Other
  1504 | D:1      | Reached skill level 1 in Necromancy
  1610 | D:1      | Slain by a gnoll

Illustrated notes

Levels and vault maps discovered:
D:1:      sevenhm_arrival_forest_fort_small_3, layout_rooms,
          chequers_serial_rivers_room_b, minmay_misc_feat_five
D:2:      layout_loops_ring, dreamdust_ecumenical_altar_angels_and_demons,
          serial_shops, shop
D:3:      layout_basic, grunt_temple_overflow_open, minmay_misc_feat_iff
D:4:      layout_basic, nicolae_overflow_quartered_altars, serial_shops,
          nicolae_diamond_shop

Skill      XL: |  1  2  3 |
---------------+----------+-----
Spellcasting   | 5 |  5.3
Dodging        | 1 |  1.1
Necromancy     | 1 |  1.0
Short Blades   | |  0.5
Stealth        | |  1.3
Shields        | |  1.6
Conjurations   | |  0.6
Translocations | |  2.5
Invocations    | |  1.0

Action                     || total
---------------------------++-------
  Melee: Short sword       ||    48
   Cast: Apportation       ||    26
         Magic Dart        ||    34
         Vampiric Draining ||     1
  Evoke: Wand              ||     1
    Use: Scroll            ||     1
   Stab: Sleeping          ||     4
 Armour: Robe              ||    36
  Dodge: Dodged            ||    41
  Block: Buckler           ||    14
